 Dungeon Crawl Stone Soup version 0.26-b1-32-g5d43845318 (webtiles) character file.

Game seed: 9237598605307922740

13043 Borgoz the Basher (level 12, -24/76 HPs)
             Began as a Gargoyle Gladiator on Jan 10, 2021.
             Annihilated by a stone giant (27 damage)
             ... on level 11 of the Dungeon.
             The game lasted 00:19:10 (11141 turns).

Borgoz the Basher (Gargoyle Gladiator)             Turns: 11141, Time: 00:19:11

Health: -24/76     AC: 19    Str: 17    XL:     12   Next: 1%
Magic:  12/12      EV: 19    Int: 23    God:
Gold:   299        SH:  5    Dex: 15    Spells: 11/11 levels left

rFire    . . .     SeeInvis .   b - +9 quarterstaff of Courage {drain, Int+3}
rCold    . . .     Faith    .   (shield currently unavailable)
rNeg     + . .     Spirit   .   D - +0 troll leather armour
rPois    ∞         Reflect  +   A - +2 helmet {Int+3}
rElec    +         Harm     .   y - +2 cloak
rCorr    .         Rampage  .   f - +0 pair of gloves
Will     .....                  (no boots)
Stlth    +.........             F - amulet of reflection
HPRegen  0.62/turn              C - +6 ring of intelligence
MPRegen  0.13/turn              (no ring)

@: mighty
A: negative energy resistance 1, electricity resistance, unbreathing,
petrification resistance, miasma immunity, AC +8
a: no special abilities


You were on level 11 of the Dungeon.
You visited 2 branches of the dungeon, and saw 12 of its levels.
You also visited: Sewer.

You collected 701 gold pieces.
You spent 402 gold pieces at shops.

Inventory:

Hand Weapons
 a - a +1 whip of electrocution
 b - the +9 quarterstaff of Courage (weapon) {drain, Int+3}
   (You found it on level 8 of the Dungeon)

   A truly terrible weapon, it drains the life of those it strikes.
   It affects your intelligence (+3).
Missiles
 d - 2 throwing nets (quivered)
Armour
 f - a +0 pair of gloves (worn)
 y - a +2 cloak (worn)
 A - a +2 helmet of intelligence (worn)
 D - a +0 troll leather armour (worn)
Jewellery
 u - an uncursed ring of ice
 C - a +6 ring of intelligence (left hand)
 F - an amulet of reflection (around neck)
Wands
 m - a wand of disintegration (6)
 p - a wand of flame (13)
 s - a wand of acid (5)
 t - a wand of iceblast (7)
Scrolls
 c - 4 scrolls of enchant weapon
 e - 8 scrolls of teleportation
 h - 3 scrolls of fear
 j - a scroll of remove curse
 o - 2 scrolls of enchant armour
 B - a scroll of summoning {unknown}
 E - a scroll of magic mapping {unknown}
Potions
 g - a potion of might
 i - a potion of flight {unknown}
 k - a potion of resistance
 l - 2 potions of haste {unknown}
 n - 2 potions of cancellation {unknown}
 q - a potion of brilliance
 r - 4 potions of curing
 v - a potion of mutation
 w - 4 potions of heal wounds
 x - a potion of magic
 z - a potion of invisibility


   Skills:
 + Level 9.6 Fighting
 * Level 12.2 Maces & Flails
 - Level 1.7 Throwing
 * Level 10.4 Dodging


You had 11 spell levels left.
You didn't know any spells.
Your spell library contained the following spells:

 Spells                   Type           Power        Failure   Level
 Freeze                   Ice            0%           19%         1
 Frozen Ramparts          Ice            0%           50%         3
 Ozocubu's Armour         Ice            0%           50%         3
 Cause Fear               Hex            0%           88%         4
 Hailstorm                Conj/Ice       0%           88%         4
 Summon Ice Beast         Ice/Summ       0%           88%         4
 Silence                  Hex/Air        0%           99%         5
 Yara's Violent Unravell  Hex/Tmut       0%           99%         5
 Discord                  Hex            0%           100%        8


Dungeon Overview and Level Annotations

Branches:
Dungeon (11/15)            Temple (1/1) D:6            Lair (0/6) D:10
    Orc (0/2) D:9           Sewer (visited)

Altars:
Ashenzari
Cheibriados
Dithmenos
Elyvilon
Fedhas
Gozag
Hepliaklqana
Kikubaaqudgha
Makhleb
Nemelex Xobeh
Okawaru
Qazlal
Ru
Sif Muna
Trog
Uskayaw
Vehumet
Wu Jian
Xom
Yredelemnul
Zin
The Shining One

Shops:
D:9 *


Innate Abilities, Weirdness & Mutations

You are resistant to torment.
Your stone body is resilient. (AC +8)
You are immune to poison.
You resist negative energy. (rN+)
You are resistant to electric shocks. (rElec)
You can survive without breathing.
You are immune to petrification.
You are immune to miasma.


Message History

You have reached level 12!
Your experience leads to an increase in your attributes!
Your base attributes are Str 17, Int 10, Dex 14.
Increase (S)trength, (I)ntelligence, or (D)exterity?
You feel agile.
You feel clever. You block the stone giant's attack.
Things that are here:
+0 fire dragon scales; a fire dragon corpse You bludgeon the stone giant!!
You drain the stone giant.
The stone giant is moderately wounded.
The stone giant hits you!!
* * * LOW HITPOINT WARNING * * *
You bludgeon the stone giant!! You drain the stone giant.
The stone giant is heavily wounded.
The stone giant hits you!
* * * LOW HITPOINT WARNING * * *
You sock the stone giant! You drain the stone giant.
The stone giant is severely wounded.
The stone giant hits you!!
You die...

...#####..##..........#
...##.#...##.........##
...................#.#
...##..#.#.........###
....##.################
.....#(#..#.#.#.#.....#
.#...##(#.#.#.#.#..##.#
##...#.#.#†#.#.#(#....#
.....####.#..#.#@##..##
.....#...#†#.#.#C#....#
.....#..).#)#..#.##..##
.#...#####.#.#.#.#..}.#
.....# ....#.#..######
..#..# #######.#(.
#.##.# #.#. ####.# #.#
#.# #.#


You could see a stone giant (drained).

Vanquished Creatures
  A fire dragon (D:11)
  Fannar (D:11)
  2 two-headed ogres
  2 cyclopes (D:11)
  An ugly thing (D:11)
  Psyche (D:9)
  A gargoyle (D:11)
  An efreet (D:11)
  A yaktaur (D:11)
  A troll (D:11)
  Grinder (D:4)
  A hornet (D:8)
  A wyvern (D:11)
  7 yaks
  2 steam dragons
  A vampire mosquito (D:11)
  3 water moccasins
  4 sky beasts
  A black bear (D:9)
  2 ice beasts
  6 orc warriors
  4 ogres
  3 necrophages
  4 centaurs
  3 wolves (D:11)
  A big kobold (D:7)
  A gnoll sergeant (D:8)
  11 bullfrogs
  A wyvern skeleton (D:9)
  3 scorpions
  2 electric eels (D:9)
  2 howler monkeys
  A quasit (D:9)
  3 hounds
  11 orc priests
  A bullfrog zombie (D:5)
  A gnoll shaman (D:7)
  2 centaur skeletons
  12 orc wizards
  4 iguanas
  Jessica (D:3)
  Natasha (D:3)
  4 worker ants
  A killer bee zombie (D:5)
  2 hound zombies
  A hound skeleton (D:11)
  2 worker ant zombies
  Robin (D:3)
  2 howler monkey zombies
  14 gnolls
  14 adders
  2 river rats (D:5)
  4 shadow imps (D:7)
  4 white imps
  4 ufetubi
  2 adder skeletons
  A dart slug (D:1)
  10 leopard geckos
  41 orcs
  4 giant cockroaches
  9 goblins
  9 hobgoblins
  13 jackals
  17 kobolds
  3 quokkas (D:2)
  2 ball pythons
  11 bats
  8 frilled lizards
  A jackal zombie (D:6)
  A quokka zombie (D:8)
  8 rats
308 creatures vanquished.

Vanquished Creatures (others)
  37 plants (D:9)
37 creatures vanquished.

Grand Total: 345 creatures vanquished

Notes
Turn   | Place    | Note
-------+----------+-------------------------------------------
     0 | D:1      | Borgoz the Gargoyle Gladiator began the quest for the Orb.
     0 | D:1      | Reached XP level 1. HP: 12/12 MP: 1/1
     2 | D:1      | Noticed a troll
     2 | D:1      | Noticed a spriggan
     4 | D:1      | Noticed a merfolk
     4 | D:1      | Noticed a dwarf
     6 | D:1      | Noticed a vampire
     8 | D:1      | Noticed a gargoyle
    10 | D:1      | Noticed a vine stalker
    10 | D:1      | Noticed a demigod
    12 | D:1      | Noticed an octopode
    12 | D:1      | Noticed a naga
    14 | D:1      | Noticed an ogre
    17 | D:1      | Noticed a felid
    17 | D:1      | Noticed a ghoul
    19 | D:1      | Noticed a tengu
    19 | D:1      | Noticed a minotaur
    21 | D:1      | Noticed a demonspawn
    21 | D:1      | Noticed a draconian
    23 | D:1      | Noticed a halfling
    23 | D:1      | Noticed a centaur
    25 | D:1      | Noticed a formicid
    27 | D:1      | Noticed a human
    27 | D:1      | Noticed an elf
   132 | D:1      | Reached XP level 2. HP: 18/18 MP: 2/2
   639 | D:2      | Reached XP level 3. HP: 21/22 MP: 3/3
   717 | D:2      | Reached XP level 4. HP: 14/27 MP: 4/4
   930 | D:2      | Found a sacrificial altar of Ru.
  1069 | D:2      | Reached skill level 4 in Maces & Flails
  1474 | D:2      | Reached XP level 5. HP: 21/32 MP: 5/5
  1878 | D:3      | Noticed Natasha
  1881 | D:3      | Killed Natasha
  2061 | D:3      | Noticed Robin
  2077 | D:3      | Killed Robin
  2078 | D:3      | Reached XP level 6. HP: 32/37 MP: 6/6
  2503 | D:3      | Noticed Jessica
  2506 | D:3      | Killed Jessica
  2507 | D:3      | Reached skill level 5 in Maces & Flails
  2985 | D:4      | Noticed Grinder
  2998 | D:4      | Paralysed by Grinder for 3 turns
  3005 | D:4      | Paralysed by Grinder for 4 turns
  3010 | D:4      | Killed Grinder
  3011 | D:4      | Reached XP level 7. HP: 23/43 MP: 7/7
  3431 | D:5      | Entered Level 5 of the Dungeon
  3472 | D:5      | Found a glowing drain.
  3628 | Sewer    | Entered a sewer
  3684 | Sewer    | Reached skill level 6 in Maces & Flails
  3684 | Sewer    | Reached skill level 5 in Dodging
  3743 | D:5      | Reached XP level 8. HP: 41/48 MP: 8/8
  4195 | D:5      | Reached skill level 5 in Fighting
  4535 | D:5      | Found a blossoming altar of Fedhas.
  4882 | D:6      | Found a staircase to the Ecumenical Temple.
  4897 | Temple   | Entered the Ecumenical Temple
  5145 | D:6      | Reached skill level 7 in Maces & Flails
  5530 | D:6      | Found the +4 Cigotuvi's embrace {rMiasma *Drain rN+}
  5720 | D:6      | Noticed a two-headed ogre
  5732 | D:6      | Killed a two-headed ogre
  5733 | D:6      | Reached skill level 8 in Maces & Flails
  5733 | D:6      | Reached XP level 9. HP: 33/55 MP: 9/9
  6242 | D:6      | Found a hazy altar of Hepliaklqana.
  6706 | D:7      | Reached skill level 9 in Maces & Flails
  7076 | D:8      | Found a white marble altar of Elyvilon.
  7076 | D:8      | Found a shimmering blue altar of Sif Muna.
  7077 | D:8      | Found a broken altar of Ashenzari.
  7148 | D:8      | Reached XP level 10. HP: 19/63 MP: 10/10
  7604 | D:8      | Got a glimmering quarterstaff
  7624 | D:8      | Identified the +9 quarterstaff of Courage {drain, Int+3}
                  | (You found it on level 8 of the Dungeon)
  7921 | D:8      | Found a glowing silver altar of Zin.
  8434 | D:9      | Noticed Psyche
  8452 | D:9      | Reached skill level 10 in Maces & Flails
  8462 | D:9      | Killed Psyche
  8647 | D:9      | Found Qeynaih's Assorted Antiques.
  8657 | D:9      | Bought a runed helmet for 262 gold pieces
  8657 | D:9      | Bought a potion of might for 140 gold pieces
  9120 | D:9      | Found a staircase to the Orcish Mines.
  9274 | D:9      | Noticed a two-headed ogre
  9288 | D:9      | Killed a two-headed ogre
  9289 | D:9      | Reached XP level 11. HP: 69/69 MP: 11/11
  9558 | D:10     | Entered Level 10 of the Dungeon
  9674 | D:10     | Reached skill level 11 in Maces & Flails
  9795 | D:10     | Found a staircase to the Lair.
 10054 | D:11     | Noticed a cyclops
 10063 | D:11     | Killed a cyclops
 10506 | D:11     | Noticed Fannar
 10529 | D:11     | Killed Fannar
 10973 | D:11     | Reached skill level 10 in Dodging
 10980 | D:11     | Noticed a cyclops
 10986 | D:11     | Noticed a cyan ugly thing
 11006 | D:11     | Killed a cyan ugly thing
 11008 | D:11     | Killed a cyclops
 11015 | D:11     | Reached skill level 12 in Maces & Flails
 11095 | D:11     | Noticed a fire dragon
 11126 | D:11     | Noticed a stone giant
 11137 | D:11     | Killed a fire dragon
 11138 | D:11     | Reached XP level 12. HP: 30/76 MP: 12/12
 11140 | D:11     | HP: 3/76 [stone giant (11)]
 11141 | D:11     | Annihilated by a stone giant

Illustrated notes

Levels and vault maps discovered:
D:1:      kb_arrival_jail, layout_rooms
D:2:      minmay_inner_zag, layout_basic, nicolae_ru_great_annihilating_truth
D:3:      layout_loops_ring, uniq_jessica, uniq_robin, uniq_natasha
D:4:      layout_cave_pools, uniq_grinder
D:5:      layout_gridville, general_overflow_altar, portal_sewer_entry_a
D:6:      layout_layer_cave, overflow_temple_1_default, temple_statues
D:7:      layout_rooms
D:8:      layout_cave_pools, grunt_temple_overflow_open, marbit_many_paths,
          chequers_jeans, minmay_starry_boxes
D:9:      layout_roguey, david_orc_4, serial_shops,
          nicolae_shop_overgrown_old_shop, serial_bayou, serial_bayou_pond_a,
          serial_bayou_shore_a, serial_bayou_pond_c, serial_bayou_lagoon_a,
          serial_bayou_shore_b, uniq_psyche
D:10:     minmay_flawed_box, layout_cave_pools, lair_entry_dummy
D:11:     minmay_tearing_corner, layout_cave_pools, dk_vineyard_1,
          amcnicky_mini_corridor_feature, uniq_fannar, uniq_grum
Temple:   regret_index_temple_generic_petals

Skill      XL: |  1  2  3  4  5  6  7  8  9 10 11 |
---------------+----------------------------------+-----
Dodging        | 3 4 5 6 7 9 10 | 10.4
Maces & Flails | 4 5 6 8 9 10 12 | 12.2
Fighting       | 3 4 6 7 8 9 |  9.6
Throwing       | |  1.7

Action                   |  1- 3 |  4- 6 |  7- 9 | 10-12 || total
-------------------------+-------+-------+-------+-------++-------
Melee: Flail             |    70 |   265 |   106 |       ||   441
       Whip              |       |       |   305 |    69 ||   374
       Quarterstaff      |       |       |       |   370 ||   370
Throw: Throwing net      |       |       |       |     6 ||     6
  Use: Scroll            |       |       |     9 |     8 ||    17
       Potion            |       |       |     2 |     3 ||     5
 Stab: Sleeping          |       |       |       |     1 ||     1
       Held in net/web   |       |       |       |     1 ||     1
Armor: Leather armour    |    25 |   118 |   214 |   143 ||   500
       Troll leather arm |       |       |       |    34 ||    34
Dodge: Dodged            |    51 |   193 |   432 |   397 ||  1073
Block: Other             |       |       |       |     4 ||     4
